 Dungeon Crawl Stone Soup version 0.28-a0-1429-gf3d713df7a (webtiles) character file.

Game seed: 1839269460413461444

471 Deminshera the Sneak (level 6, -3/30 HPs)
             Began as a Vampire Enchanter on Jan 8, 2022.
             Was a Follower of Hepliaklqana.
             Slain by Pikel (4 damage)
             ... on level 5 of the Dungeon.
             The game lasted 00:07:05 (4736 turns).

Deminshera the Sneak (Vampire Enchanter)            Turns: 4736, Time: 00:07:06

Health: -3/30      AC:  5    Str:  7    XL:     6   Next: 83%
Magic:  4/10       EV: 13    Int: 20    God:    Hepliaklqana [*.....]
Gold:   276        SH:  0    Dex: 14    Spells: 0/11 levels left

rFire   . . .      SeeInvis +   n - +2 dagger (venom)
rCold   + + .      Faith    .   (no shield)
rNeg    + + +      Spirit   .   m - +2 animal skin
rPois   ∞          Reflect  .   h - +0 helmet
rElec   .          Harm     .   (no cloak)
rCorr   .          Rampage  .   (no gloves)
Will    .....                   (no boots)
Stlth   +++++.....              i - amulet of regeneration
HPRegen 0.00/turn               (no ring)
MPRegen 0.12/turn               (no ring)

@: confusing by touch, bloodless, inhibited regen
A: reduced essence, bloodless, fangs 3, see invisible, vampiric 2
a: Bat Form, Revivify, Renounce Religion, Recall Ancestor, Ancestor Identity


You were on level 5 of the Dungeon.
You worshipped Hepliaklqana.
Hepliaklqana was aware of your devotion.
You visited 1 branch of the dungeon, and saw 5 of its levels.
You also visited: Sewer.

You collected 276 gold pieces.

Inventory:

Hand Weapons
 n - a +2 dagger of venom (weapon)
Missiles
 o - 16 poisoned darts (quivered)
Armour
 h - a +0 helmet (worn)
 m - a +2 animal skin (worn)
Jewellery
 i - an amulet of regeneration (around neck)
 k - a ring of resist corrosion
Scrolls
 d - a scroll of enchant weapon
 g - 3 scrolls of identify
Potions
 a - 2 potions of cancellation {unknown}
 c - a potion of invisibility
 e - a potion of haste
 f - 3 potions of berserk rage {unknown}
 j - a potion of attraction {unknown}
 l - 6 potions of curing {unknown}


   Skills:
 + Level 1.5 Fighting
 + Level 3.0 Short Blades
 - Level 3.0 Dodging
 + Level 6.9 Stealth
 - Level 3.0 Spellcasting
 + Level 0.4 Conjurations
 - Level 6.0 Hexes
 - Level 2.0 Ice Magic
 + Level 0.9 Air Magic
 + Level 0.7 Poison Magic


You couldn't memorise any spells.
You knew the following spells:

 Your Spells              Type           Power      Damage    Failure   Level
a - Ensorcelled Hibernat  Hex/Ice        38%        N/A       4%          2
b - Confusing Touch       Hex            27%        N/A       3%          3
c - Tukima's Dance        Hex            27%        N/A       3%          3
d - Mephitic Cloud        Conj/Pois/Air  5%         N/A       32%         3

Your spell library contained the following spells:

 Spells                   Type           Power      Damage    Failure   Level
 Dazzling Flash           Conj/Hex       30%        N/A       12%         3
 Ignite Poison            Fire/Tmut/Pois 4%         N/A       36%         3
 Freezing Cloud           Conj/Ice/Air   3%         6-21      94%         5


Dungeon Overview and Level Annotations

Branches:
Dungeon (4/15)              Sewer (visited)
 Temple: D:4-7

Altars:
Fedhas
Hepliaklqana

Shops:
D:1 (

Annotations:
D:5 Pikel


Innate Abilities, Weirdness & Mutations

Your life essence is reduced to manifest your ancestor. (-10% HP)
You do not regenerate when monsters are visible.
You are frail without blood (-20% HP).
You can heal yourself when you bite living creatures.
You are immune to poison.
You have razor-sharp teeth.
You have supernaturally acute eyesight. (SInv)
You are afflicted with vampirism and can become a bat while bloodless.


Message History

Casting: Confusing Touch (dangerous; 3% risk of failure)
Confirm with . or Enter, or press ? or * to list all spells.
Aiming: Ensorcelled Hibernation (safe; 4% risk of failure)
Press: ? - help, Shift-Dir - straight line, f - lemure
Aim: a lemure (chance to affect: 51%)
The lemure resists with some effort.
The lemure closely misses you.
You hit the lemure.
The lemure is lightly wounded.
Pikel looks more healthy.
The lemure completely misses you.
You completely miss the lemure.
The lemure is lightly wounded.
You hit Pikel.
Pikel is poisoned.
Pikel is lightly wounded.
Casting: Ensorcelled Hibernation (safe; 4% risk of failure)
Confirm with . or Enter, or press ? or * to list all spells.
Your hands begin to glow red.
You hit Pikel but do no damage.
Pikel is moderately wounded.
Pikel hits you with a +2 whip of freezing!
Pikel freezes you.
You hit Pikel but do no damage.
Pikel is moderately wounded.
Pikel hits you with a +2 whip of freezing!
* * * LOW HITPOINT WARNING * * *
Pikel freezes you.
* * * LOW HITPOINT WARNING * * *
You completely miss Pikel.
Pikel is moderately wounded.
Pikel hits you with a +2 whip of freezing.
* * * LOW HITPOINT WARNING * * *
Pikel freezes you.
* * * LOW HITPOINT WARNING * * *
Casting: Confusing Touch (dangerous; 3% risk of failure)
Confirm with . or Enter, or press ? or * to list all spells.
Aiming: Ensorcelled Hibernation (safe; 4% risk of failure)
Press: ? - help, Shift-Dir - straight line, f - Pikel, p - lemure
Aim: Pikel, wielding a +2 whip of freezing and wearing a +0 robe (moderately wounded, very poisoned, chance to confuse on hit: 58%, chance to affect: 51%) Pikel resists with some effort.
Pikel hits you with a +2 whip of freezing.
You die...

#. #######
#####K##.....#
#....5.[..#
.......##..# #
##.##..##..##.###.
#...>.5.......
##...55##.###.
#####K# # #@# #.#
... ##.## #.# #.#
#.# #.#


You could see Pikel (very poisoned) and 3 lemures.

Vanquished Creatures
  Pargi (Sewer)
  A bullfrog (D:3)
  A jelly (D:4)
  Jessica (D:2)
  6 adders
  2 river rats (D:4)
  2 worms
  2 dart slugs
  An orc (D:3)
  11 endoplasms
  3 giant cockroaches
  12 goblins
  12 hobgoblins
  2 jackals (D:4)
  16 kobolds
  4 quokkas
  9 ball pythons
  12 bats
  3 frilled lizards
  3 rats
104 creatures vanquished.

Vanquished Creatures (collateral kills)
  2 jellies (D:4)
  Robin (D:4)
  A worm (D:4)
  An endoplasm (D:4)
5 creatures vanquished.

Vanquished Creatures (others)
  2 ancestors
  3 fungi
  12 toadstools (D:4)
17 creatures vanquished.

Grand Total: 126 creatures vanquished

Notes
Turn   | Place    | Note
-------+----------+-------------------------------------------
     0 | D:1      | Deminshera the Vampire Enchanter began the quest for the
                  | Orb.
     0 | D:1      | Reached XP level 1. HP: 13/13 MP: 3/3
    32 | D:1      | Found Vevaddib's Weapon Emporium.
   563 | D:1      | Reached XP level 2. HP: 19/19 MP: 5/5
   566 | D:1      | Learned a level 2 spell: Ensorcelled Hibernation
  1092 | D:1      | Found a faded altar of an unknown god.
  1224 | D:1      | Gained mutation: You are afflicted with vampirism and can
                  | become a bat while bloodless. [Vampire growth]
  1224 | D:1      | Reached XP level 3. HP: 16/24 MP: 0/6
  1424 | D:2      | Reached skill level 5 in Stealth
  1424 | D:2      | Reached skill level 5 in Hexes
  1618 | D:2      | Noticed Jessica
  1624 | D:2      | Killed Jessica
  1625 | D:2      | Reached XP level 4. HP: 30/30 MP: 2/8
  2194 | D:3      | Found a blossoming altar of Fedhas.
  2436 | D:3      | Found a hazy altar of Hepliaklqana.
  2465 | D:3      | Became a worshipper of Hepliaklqana the Forgotten
  2960 | D:3      | Noticed a bullfrog
  2968 | D:3      | Killed a bullfrog
  2969 | D:3      | Reached XP level 5. HP: 19/35 MP: 6/9
  3182 | D:3      | Learned a level 3 spell: Confusing Touch
  3193 | D:3      | Learned a level 3 spell: Tukima's Dance
  3272 | D:4      | Found a glowing drain.
  3285 | Sewer    | Entered a sewer
  3410 | Sewer    | Noticed Pargi
  3424 | Sewer    | Killed Pargi
  3425 | Sewer    | Reached skill level 1 in Fighting
  3425 | Sewer    | Reached XP level 6. HP: 5/43 MP: 5/10
  3996 | D:4      | Noticed Robin
  4327 | D:4      | Learned a level 3 spell: Mephitic Cloud
  4328 | D:4      | Reached * piety under Hepliaklqana
  4509 | D:4      | Killed Robin
  4696 | D:4      | You fall into a shaft and drop 1 floor!
  4696 | D:5      | Entered Level 5 of the Dungeon
  4717 | D:5      | Noticed Pikel
  4735 | D:5      | HP: 1/30 [Pikel (1)]
  4736 | D:5      | Slain by Pikel

Illustrated notes

Levels and vault maps discovered:
D:1:      nzn_arrival_crosshair, layout_basic,
          ebering_ecumenical_altar_petrified, serial_shops, shop
D:2:      layout_rooms, uniq_jessica
D:3:      layout_loops_ring, fedhas_altar_3, overflow_temple_1_default
D:4:      cheibrodos_fertilizer, layout_layer_cave, portal_sewer_entry_a,
          uniq_ijyb, uniq_robin
D:5:      layout_loops_ring, minmay_temple_entry_hall, uniq_grinder, uniq_pikel,
          uniq_blork_the_orc

Skill      XL: |  1  2  3  4  5  6 |
---------------+-------------------+-----
Short Blades   | 2 3 |  3.0
Stealth        | 5 6 |  6.9
Hexes          | 5 6 |  6.0
Spellcasting   | 3 |  3.0
Ice Magic      | 2 |  2.0
Fighting       | 1 |  1.5
Dodging        | 3 |  3.0
Conjurations   | |  0.4
Air Magic      | |  0.9
Poison Magic   | |  0.7

Action                   |  1- 3 |  4- 6 || total
-------------------------+-------+-------++-------
Melee: Dagger            |    56 |    67 ||   123
       Bite              |     9 |    14 ||    23
       Short sword       |       |   100 ||   100
Throw: Dart              |       |     1 ||     1
 Cast: Ensorcelled Hiber |    15 |    39 ||    54
       Confusing Touch   |       |     5 ||     5
Invok: Recall Ancestor   |       |     1 ||     1
 Abil: Exsanguinate      |       |     1 ||     1
  Use: Scroll            |       |     4 ||     4
 Stab: Sleeping          |    17 |    41 ||    58
       Confused          |       |     3 ||     3
Armor: Robe              |     5 |    75 ||    80
       Animal skin       |       |     1 ||     1
Dodge: Dodged            |    31 |   155 ||   186

Table legend: (Time is in decaauts)
 A = Elapsed time spent in this place.
 B = Non-inter-level travel time spent in this place.
 C = Inter-level travel time spent in this place.
 D = Time resting spent in this place.
 E = Time spent auto-exploring this place.
 F = Levels seen in this place.
 G = Mean time per level.
                   A        B        C        D        E       F      G
               +--------+--------+--------+--------+--------+-----+--------+
         Total |   4724 |   4653 |     71 |   1641 |   2113 |   6 |  787.3 |
       Dungeon |   4355 |   4284 |     71 |   1386 |   2097 |   5 |  871.0 |
         Sewer |    369 |    369 |      0 |    255 |     16 |   1 |  369.0 |
               +--------+--------+--------+--------+--------+-----+--------+

Top non-repeatable levels by time:
     D:1: 1322 daAuts
     D:3: 1194 daAuts
     D:4: 932 daAuts
     D:2: 866 daAuts
   Sewer: 369 daAuts
     D:5: 38 daAuts
